[Event "44th Chess Olympiad Open 2022"]
[Site "Chennai"]
[Date "2022.08.01"]
[Round "4.52"]
[White "Stark, John"]
[Black "Roachford, Adam"]
[Result "1-0"]
[WhiteElo "2028"]
[BlackElo "1443"]
[Annotator "NA RC"]
[PlyCount "87"]
[EventDate "2022.??.??"]
[TimeControl "60"]

1. e4 e5 2. Nf3 Nc6 3. Bb5 Nf6 4. O-O d6 5. Re1 Be7 6. c3 Bg4 7. d3 O-O 8. Nbd2 Nb8 9. Nf1 c6 10. Ba4 Nbd7 11. d4 Qc7 12. Ng3 Nb6 13.
Bc2 c5 14. d5 g6 15. h3 Bd7 16. Bh6 Rfd8 17. Qc1 Ne8 18. h4 Bg4 19. Nh2 Bd7 20. h5 Ng7 21. Re3 Rf8 22. Rf3 Qc8 23. Nf5 gxf5 24. Rg3 f4 25. Rxg7+ Kh8 26. Bd1 Bf6 27. Rg4 Bxg4 28. Bxg4 Qc7 29. Bxf8 Rxf8 30. c4 Rg8 31. b3 Nd7 32. Qc3 Be7 33. Qh3 Nf6 34. Bf3 Qa5 35. Ng4 Qc3 36. Rf1 Nxg4 37. Bxg4 Qc2 38. Bf3 Qxa2 39. Qd7 Qxb3 40. Qxe7 Kg7 41. Qg5+ Kf8 42. Qd8+ Kg7 43. h6+ Kxh6 44. Qxg8 1-0

[Event "44th Chess Olympiad Open 2022"]
[Site "Chennai"]
[Date "2022.08.01"]
[Round "4.52"]
[White "Edwards, Emar"]
[Black "Xie, Felix"]
[Result "0-1"]
[WhiteElo "1695"]
[BlackElo "2224"]
[Annotator "NA RC"]
[PlyCount "60"]
[EventDate "2022.??.??"]
[TimeControl "60"]

1. e4 c6 2. Nf3 d5 3. Nc3 dxe4 4. Nxe4 Nf6 5. Nxf6+ exf6 6. Be2 Bd6 7. d4 O-O 8. O-O Re8 9. Be3 Bg4 10. Re1 Nd7 11. c3 Nf8 12. h3 Bh5 13.
Qb3 Qc7 14. Rad1 f5 15. d5 c5 16. c4 Nd7 17. Bd2 Nf6 18. Qd3 Ne4 19. Ng5 Bg6 20. Nxe4 fxe4 21. Qe3 f5 22. Qg5 Be5 23. b3 Qd6 24. Rc1 h6 25. Qh4 Bf7 26. f4 exf3 27. Bxf3 Bg3 28. Rxe8+ Rxe8 29. Bf4 Bxf4 30. Re1 Bg3 0-1

[Event "44th Chess Olympiad Open 2022"]
[Site "Chennai"]
[Date "2022.08.01"]
[Round "4.53"]
[White "Miguel, Sergio"]
[Black "Traore, Bakary"]
[Result "1/2-1/2"]
[WhiteElo "2274"]
[BlackElo "2181"]
[Annotator "NA RC"]
[PlyCount "137"]
[EventDate "2022.??.??"]
[TimeControl "60"]

1. e4 e5 2. Bc4 Nf6 3. d3 Be7 4. Nc3 c6 5. Nf3 d6 6. O-O Nbd7 7. a4 O-O 8. d4 Qc7 9. Re1 Nb6 10. Bb3 Bg4 11. Be3 Nbd7 12. h3 Bh5 13.
dxe5 dxe5 14. g4 Bg6 15. Nh4 Nc5 16. Bxc5 Bxc5 17. Qf3 Rad8 18. Rad1 Rd4 19. Rd3 Rfd8 20. Red1 Rxd3 21. Rxd3 Rxd3 22. Qxd3 Qd6 23. Qxd6 Bxd6 24. f3 Kf8 25. Kf1 Ke7 26. Ke2 Nd7 27. Bc4 Nc5 28. Kd2 Ne6 29. Bxe6 Kxe6 30. Nf5 Bf8 31. Nh4 f6 32. Nxg6 hxg6 33. Kd3 Bc5 34. Kc4 Bd4 35. Nd1 Kd6 36. c3 Bg1 37. h4 a6 38. a5 Ba7 39. b4 Bg1 40. Nb2 Ke6 41. Nd3 Kd6 42. Kb3 Be3 43. Nb2 Kc7 44. Na4 Kd6 45. c4 c5 46. b5 Bd2 47. bxa6 bxa6 48. Nc3 Ke6 49. Nd5 Bxa5 50. Ka4 Bd8 51. Ne3 Kd6 52. h5 f5 53. exf5 gxh5 54. gxh5 Bg5 55. Ng4 Bd2 56. f6 gxf6 57. h6 Bxh6 58. Nxh6 e4 59. Ka5 exf3 60. Ng4 f5 61. Nf2 Ke5 62. Kxa6 Kd4 63. Kb5 Ke3 64. Nh3 f2 65. Nxf2 Kxf2 66. Kxc5 Ke3 67. Kd6 f4 68. c5 f3 69. c6 1/2-1/2

[Event "44th Chess Olympiad Open 2022"]
[Site "Chennai"]
[Date "2022.08.01"]
[Round "4.53"]
[White "Junior, Domingos"]
[Black "Maiga, Baba Moulaye Abdall"]
[Result "1-0"]
[WhiteElo "2107"]
[BlackElo "1822"]
[Annotator "NA RC"]
[PlyCount "47"]
[EventDate "2022.??.??"]
[TimeControl "60"]

1. e4 e5 2. Nf3 Nc6 3. Bc4 Bc5 4. O-O Nf6 5. d4 Bxd4 6.
Nxd4 exd4 7. e5 Ne4 8. Qg4 d5 9. Qxg7 Ke7 10. Bxd5 Qxd5 11. Qxh8 Qc5 12. Qxh7 Qd5 13. Re1 Nc5 14. Bg5+ Kd7 15. Nc3 Qe6 16. Rad1 b6 17. f4 Qg6 18. Qh3+ Ke8 19. Qh8+ Kd7 20. Rxd4+ Nxd4 21. Qd8+ Ke6 22. Qd5+ Kf5 23. e6+ Kg4 24. h3+ 1-0

[Event "44th Chess Olympiad Open 2022"]
[Site "Chennai"]
[Date "2022.08.01"]
[Round "4.53"]
[White "Coulibaly, Abdoulaye"]
[Black "Lutuima, Amaro"]
[Result "0-1"]
[WhiteElo "1936"]
[BlackElo "2048"]
[Annotator "NA RC"]
[PlyCount "84"]
[EventDate "2022.??.??"]
[TimeControl "60"]

1. e4 c5 2. c4 Nc6 3. Nc3 Nf6 4. d3 e6 5. Be2 Be7 6. f4 d6 7. Nf3 O-O 8. O-O Nd4 9. Kh1 b6 10. e5 dxe5 11. fxe5 Nd7 12. Bf4 Bb7 13. Nxd4 cxd4 14. Nb5 Qb8 15. Nxd4 Nxe5 16. Nf3 Bd6 17. Nxe5 Bxe5 18. Bf3 Bxf3 19. Qxf3 Qd6 20. Qe4 Bxf4 21. Rxf4 f5 22. Qd4 Rad8 23. Qxd6 Rxd6 24. d4 Rfd8 25. d5 exd5 26. cxd5 Rxd5 27. h4 Rd1+ 28. Rxd1 Rxd1+ 29. Kh2 Rd2 30. Rc4 h6 31. Ra4 a5 32. b3 Kf7 33. Kg3 g5 34. h5 Kf6 35. Rc4 g4 36. Kf4 Rf2+ 37. Kg3 Rxa2 38. Rc6+ Kg5 39. Rxb6 f4+ 40. Kh2 f3 41. Kg1 Rxg2+ 42. Kf1 Kxh5 0-1

[Event "44th Chess Olympiad Open 2022"]
[Site "Chennai"]
[Date "2022.08.01"]
[Round "4.53"]
[White "Diarra, Sirike"]
[Black "Dias, Vanderson"]
[Result "0-1"]
[WhiteElo "1641"]
[BlackElo "2139"]
[Annotator "NA RC"]
[PlyCount "106"]
[EventDate "2022.??.??"]
[TimeControl "60"]

1. d4 Nf6 2. c4 e6 3. Nf3 d5 4. e3 Be7 5. Bd3 b6 6. O-O Bb7 7. b3 Nbd7 8.
Bb2 c5 9. Nbd2 O-O 10. Qe2 Rc8 11. Rad1 Qc7 12. Rc1 Bd6 13. Rfe1 Ne4 14. h3 h6 15. cxd5 exd5 16. Nf1 Qd8 17. Red1 Qe7 18. Bxe4 dxe4 19. N3d2 cxd4 20. exd4 f5 21. Nc4 Ba6 22. Nfe3 f4 23. Ng4 f3 24. gxf3 h5 25. Qxe4 Bxc4 26. bxc4 hxg4 27. Qd5+ Rf7 28. Re1 Qh4 29. Qxd6 Rxf3 30. Qe6+ Kh8 31. Qxg4 Qxf2+ 32. Kh1 Rg3 33. Re2 Rxg4 34. Rxf2 Rh4 35. Kg2 Nf6 36. d5 Rhxc4 37. Rxc4 Rxc4 38. d6 Kg8 39. Kg3 Ne4+ 40. Kg2 Nxd6 41. Ba3 Ne4 42. Rf8+ Kh7 43. Rf7 Rc2+ 44. Kf1 Rxa2 45. Be7 Kg6 46. Rf4 Ng3+ 47. Ke1 Re2+ 48. Kd1 Rxe7 49. Rg4+ Kh5 50. Rxg3 Kh4 51. Rf3 g5 52. Rc3 Re5 53. Kc2 Rc5 0-1

[Event "44th Chess Olympiad Open 2022"]
[Site "Chennai"]
[Date "2022.08.01"]
[Round "4.54"]
[White "Mushore, Emarald Takudzwa"]
[Black "Wojciechowski, Paul"]
[Result "1-0"]
[WhiteElo "2153"]
[BlackElo "1944"]
[Annotator "NA RC"]
[PlyCount "69"]
[EventDate "2022.??.??"]
[TimeControl "60"]

1. e4 c5 2. Nf3 d6 3. d4 cxd4 4. Nxd4 Nf6 5. Nc3 a6 6. Be3 e5 7. Nb3 Be6 8. f3 Nbd7 9. Qd2 Be7 10. g4 Nb6 11. O-O-O O-O 12. Kb1 Rc8 13. g5 Nfd7 14. h4 Qc7 15. h5 f5 16. gxf6 Nxf6 17. Qg2 Rf7 18.
Bd3 Nc4 19. Bxc4 Qxc4 20. Rd3 Qc7 21. f4 exf4 22. Bxf4 Nd7 23. Bg5 Bxg5 24. Qxg5 Bxb3 25. axb3 Ne5 26. Rdd1 Rf2 27. Qe3 Rcf8 28. Qd4 R8f6 29. h6 g6 30. Qd5+ Kf8 31. Qd4 b5 32. Rhe1 a5 33. Re2 Rxe2 34. Nxe2 Ke7 35. Nc3 1-0

[Event "44th Chess Olympiad Open 2022"]
[Site "Chennai"]
[Date "2022.08.01"]
[Round "4.54"]
[White "Mwadzura, Roy"]
[Black "Forbes, Garry"]
[Result "1-0"]
[WhiteElo "2093"]
[BlackElo "1908"]
[Annotator "NA RC"]
[PlyCount "73"]
[EventDate "2022.??.??"]
[TimeControl "60"]

1. e4 d5 2. exd5 Nf6 3. d4 Bg4 4. f3 Bf5 5. c4 e6 6. dxe6 Nc6 7. Be3 Bb4+ 8. Nc3 Qe7 9. Bd3 Bxe6 10. Qd2 O-O-O 11. Nge2 Rhe8 12. Bf2 Kb8 13. O-O g5 14. d5 Bxd5 15. cxd5 Nxd5 16. Nxd5 Rxd5 17. Qc2 Rxd3 18. Qxd3 Qxe2 19. Qxe2 Rxe2 20. a3 Ba5 21. b4 Bb6 22. Bxb6 axb6 23. Rfe1 Rd2 24. Rad1 Rxd1 25. Rxd1 Kc8 26. Rd5 h6 27. Rf5 Nd8 28. Rf6 h5 29. Rf5 g4 30. Rxh5 gxf3 31. gxf3 Kd7 32. h4 Ne6 33. Rh8 c5 34. Kf2 Kc6 35. h5 cxb4 36. axb4 Kb5 37. Rg8 1-0

[Event "44th Chess Olympiad Open 2022"]
[Site "Chennai"]
[Date "2022.08.01"]
[Round "4.54"]
[White "Belzo, Krzysztof"]
[Black "Zhemba, Jemusse"]
[Result "0-1"]
[WhiteElo "2080"]
[BlackElo "2162"]
[Annotator "NA RC"]
[PlyCount "60"]
[EventDate "2022.??.??"]
[TimeControl "60"]

1. d4 Nf6 2. Bf4 d5 3. e3 c5 4. c3 Nc6 5. Nd2 Bf5 6. Qb3 Qd7 7. Ngf3 c4 8. Qd1 e6 9. Nh4 Be7 10. Nxf5 exf5 11. b3 b5 12. Be2 O-O 13. O-O Ba3 14. Qc2 Rfc8 15. bxc4 bxc4 16. Rab1 g6 17. Rfe1 Bd6 18. Bxd6 Qxd6 19. f3 Re8 20. Bf1 Rab8 21. e4 Rxb1 22. Qxb1 fxe4 23. fxe4 Qf4 24. exd5 Rb8 25. Qc2 Nxd4 26. cxd4 Qxd4+ 27. Kh1 Ng4 28. Ne4 Re8 29. Qxc4 Nf2+ 30. Nxf2 Rxe1 0-1

[Event "44th Chess Olympiad Open 2022"]
[Site "Chennai"]
[Date "2022.08.01"]
[Round "4.54"]
[White "Carpenter, Paul A"]
[Black "Makoto, Rodwell"]
[Result "1/2-1/2"]
[WhiteElo "1938"]
[BlackElo "2346"]
[Annotator "TA"]
[PlyCount "87"]
[EventDate "2022.??.??"]
[TimeControl "60"]

1. e4 e5 2. Nf3 Nc6 3. d3 d5 4. h3 f5 5. exd5 Qxd5 6. Nc3 {[%emt 0:
00:00] C44: Ponziani Opening and Scotch Gambit.} Qd6 {[%emt 0:10:43] [#]} 7.
Bd2 $146 (7. d4 {is superior.}) ({Predecessor:} 7. Be2 Nf6 8.
O-O Be7 9. Re1 Be6 10. Bf1 O-O-O 11. Qe2 Nd7 12. Nb5 Qb4 13. a4 {0-1 (43)
Hvenekilde,J (2127)-Knudsen,J (1939) Ballerup 2011}) 7... a6 $11 8. g3 {[%emt 0:07:55] The position is equal.} Bd7 9. Bg2 O-O-O 10. O-O h6 (10... Nh6 $14) 11. a3 (11. Re1 $16) 11... g5 12. b4 $1 Nce7 ({Black
should try} 12... Nf6 $14) 13. a4 (13. Rb1 $16) 13... Bg7 14. b5 a5 (14... Ng6 $14) 15.
b6 $1 $16 cxb6 16. Rb1 ({
Better is} 16. Re1 $16) 16... Nf6 $14 17. Nb5 Bxb5 18. Rxb5 Nd7 19. Qb1 (19. Qa1 $14) 19... Nc6 $2 {[%emt 0:05:38] [#]} (19... e4 $11 {
and Black has nothing to worry.} 20. Nh2 Rhf8) 20. Be3 $1 $18 Nb4 $2 (20... e4 21. Nd2 $16) (20... f4 {is more resistant.}
21. Bxb6 Nxb6) 21. Nd2 e4 22. Nc4 Qc6 23. Nxb6+ Nxb6 24. Rc5 (24. Rxb6 Qc3 25. dxe4
f4 26. gxf4 gxf4 27. Bxf4 Bd4 $18) 24... Nxa4 25. Rxc6+ bxc6 26. dxe4 f4 27. gxf4 gxf4 28. Bxf4 Nc3 29. Qb3 (29. Qe1 $2 Nxc2 30. Qd2 Rxd2 $19
) 29... Ne2+ 30. Kh1 Nxf4 31. Qf7 Nxg2 32. Qxg7 {[%emt 0:00:36] Really
sharp!} Rhg8 33. Qf6 {[%emt 0:00:52] And now Qf5+ would win.}
Rdf8 34. Qe6+ Kc7 35. Qe5+ Kb6 36. Qd4+ Kb5 37. c3 $2 (37. Rg1 $18) 37... Rf3 $1 $11 38. Qe5+ (38. cxb4 $2 Rxh3+ 39. Kg1 Nh4+) 38... Ka6 (38... c5 $2 39. c4+ Ka4 40. Qa1+ (40. Qxc5 $2 {is a self mate.} Rxh3+
41. Kg1 Nh4+) 40... Ra3 41. Qd1+ Rb3 42. Rg1 $18) 39. Qe6 ({
Don't blunder} 39. cxb4 $2 Rxh3+ 40. Qh2 Rxh2+ $19) 39... Rg5 $2 40. cxb4 $18 {[%emt 0:00:34] White is clearly winning.} Nf4 41. Qxc6+ (41. b5+ $142 Kxb5 42. Rb1+ Kc5 43. Rc1+ Kd4
44. Qf6+ Re5 45. Qd6+ Rd5 46. exd5 Nxd5 47. Qxc6 Rxh3+ 48. Kg1) 41... Ka7 42. Qc7+ Ka8 43. Qc8+ Ka7 44. Qc7+ $2 {[%emt 0:00:00] Weighted
Error Value: White=0.31/Black=0.40} (44. h4 $18 Rh3+ {[#]} 45. Qxh3 $3 Nxh3 46.
hxg5 Nxg5 47. bxa5 Nxe4 48. Kg2) 1/2-1/2

[Event "44th Chess Olympiad Open 2022"]
[Site "Chennai"]
[Date "2022.08.01"]
[Round "4.55"]
[White "Kassis, Antoine"]
[Black "Boidiya, Sidi"]
[Result "1-0"]
[WhiteElo "2202"]
[BlackElo "1997"]
[Annotator "NA RC"]
[PlyCount "107"]
[EventDate "2022.??.??"]
[TimeControl "60"]

1. e4 c5 2. Nf3 Nc6 3. d4 cxd4 4. Nxd4 e5 5. Nb5 a6 6. Nd6+ Bxd6 7. Qxd6 Qf6 8. Qxf6 Nxf6 9. Nc3 Nb4 10. Bd3 b5 11. O-O Bb7 12. f4 d6 13. Bd2 Nxd3 14. cxd3 O-O 15. Rac1 Nd7 16. Be3 Rac8 17. b4 f5 18. exf5 d5 19. fxe5 Nxe5 20. Rfd1 Rxf5 21. Bd4 Ng6 22. Ne2 Re8 23. Rc7 Rxe2 24. Rxg7+ Kf8 25. Rxb7 Nh4 26. Rc1 Rxg2+ 27. Kh1 Kg8 28. Rc8+ Rf8 29. Rxf8+ Kxf8 30. Rxh7 Rg4 31.
Bc5+ Kg8 32. Rd7 Rf4 33. Kg1 Nf3+ 34. Kg2 Ne1+ 35. Kg3 Rf3+ 36. Kg4 Rxd3 37. h4 Nf3 38. Re7 Nh2+ 39. Kh5 Nf1 40. Ra7 Ra3 41. Kg6 Rg3+ 42. Kh6 Nh2 43. Rxa6 Kf7 44. Rb6 Rg8 45. Bd4 Rg4 46. Bc5 Rg8 47. Kh5 Rh8+ 48. Kg5 Nf3+ 49. Kf4 Nxh4 50. Rxb5 Ng6+ 51. Kg5 Ne5 52. Rb7+ Kg8 53. Rb8+ Kh7 54. Rxh8+ 1-0

[Event "44th Chess Olympiad Open 2022"]
[Site "Chennai"]
[Date "2022.08.01"]
[Round "4.55"]
[White "Mohamed Abderrahim, Taleb Mohamed"]
[Black "Khoder, Akram"]
[Result "1-0"]
[WhiteElo "2084"]
[BlackElo "2038"]
[Annotator "NA RC"]
[PlyCount "79"]
[EventDate "2022.??.??"]
[TimeControl "60"]

1. e4 c5 2. c3 Nf6 3. e5 Nd5 4. d4 cxd4 5. Nf3 Nc6 6. Bc4 Nb6 7. Bb3 d5 8.
exd6 Qxd6 9. O-O Be6 10. Bxe6 Qxe6 11. Nxd4 Nxd4 12. Qxd4 Rd8 13. Qh4 h5 14. Nd2 Qg4 15. Qxg4 hxg4 16. Re1 Nd5 17. Nc4 Rh5 18. Bd2 e6 19. Rad1 Bd6 20. Nxd6+ Rxd6 21. c4 Ne7 22. Bc3 Rxd1 23. Rxd1 g6 24. b4 b5 25. Rd4 bxc4 26. Rxc4 Rd5 27. Kf1 f5 28. a4 Kd7 29. b5 e5 30. Ba5 Rd4 31. Rxd4+ exd4 32. Ke2 Ke6 33. Kd3 Kd5 34. Bd8 Nc8 35. Bf6 Nb6 36. Bxd4 Nxa4 37. Bxa7 g5 38. Bd4 Kd6 39. Kc4 Kc7 40. Kd5 1-0

[Event "44th Chess Olympiad Open 2022"]
[Site "Chennai"]
[Date "2022.08.01"]
[Round "4.55"]
[White "Kaloust, Giorgio"]
[Black "Yahi, Mohamed Salem"]
[Result "1-0"]
[WhiteElo "1942"]
[BlackElo "1862"]
[Annotator "NA RC"]
[PlyCount "121"]
[EventDate "2022.??.??"]
[TimeControl "60"]

1. d4 d5 2. c4 c6 3. Nf3 e6 4. Nc3 Nf6 5. e3 Be7 6. Bd3 dxc4 7. Bxc4 b5 8.
Bd3 a6 9. O-O h6 10. b3 Bb7 11. Bb2 Nbd7 12. Qe2 O-O 13. Rfd1 Qc7 14. Rac1 Rfe8 15. e4 Qf4 16. e5 Nh7 17. Ne1 Qh4 18. Nf3 Qf4 19. Ne4 f5 20. exf6 Bxf6 21. Nc5 Nxc5 22. Rxc5 Ng5 23. Ne5 Bxe5 24. Rxe5 c5 25. Bc1 Qf6 26. Bxg5 hxg5 27. dxc5 Rad8 28. Re1 Rd4 29. Bc2 Bd5 30. Qh5 Rd8 31. Qxg5 Qxg5 32. Rxg5 Rc8 33. f3 Rxc5 34. Bb1 Rd2 35. Rge5 Kf7 36. h4 Rd4 37. h5 Kf6 38. Bg6 Rc3 39. R5e2 Rc5 40.
Kf2 Rc3 41. Re3 Rd2+ 42. R1e2 Rxe2+ 43. Kxe2 Rc1 44. Kd3 a5 45. Be4 Ke5 46. Bxd5+ Kxd5 47. f4 Rd1+ 48. Kc2 Rf1 49. Re5+ Kd4 50. Rxb5 Rf2+ 51. Kb1 Rxf4 52. Rg5 Rf2 53. Rxg7 e5 54. h6 e4 55. h7 Rf1+ 56. Kc2 Rh1 57. Kd2 Rh2 58. a3 Rh4 59. b4 axb4 60.
axb4 Kc4 61. Ke3 1-0

[Event "44th Chess Olympiad Open 2022"]
[Site "Chennai"]
[Date "2022.08.01"]
[Round "4.55"]
[White "Hassan Sidi Mohamed Cheikh"]
[Black "El Jawich, Amro"]
[Result "0-1"]
[WhiteElo "1825"]
[BlackElo "2314"]
[Annotator "TA"]
[PlyCount "96"]
[EventDate "2022.??.??"]
[TimeControl "60"]

1. e4 c5 2. c3 d5 3. exd5 Qxd5 4. d4 Nc6 5. Nf3 Bf5 6. Be3 e6 {[%emt 0:11:32] B22: Sicilian: 2 c3.} 7. Na3 cxd4 {
[%emt 0:07:28] [#]} 8. Nb5 O-O-O {[%emt 0:11:40] Against Nc7.
The position is equal.} 9. Nfxd4 Bc5 {[%emt 0:06:36] [#]} 10.
Qa4 $146 {[%emt 0:05:40] aiming for Nxc6.} (10. Nxf5 Qxf5 11. Qf3 Bxe3 12. fxe3
Nf6 $11) ({Predecessor:} 10. Nxc6 Qxc6 11. Qa4 a6 12. Na7+ Bxa7 13. Qxc6+ bxc6
14. Bxa7 Kb7 15. Be3 Nf6 16. f3 {0-1 (44) Bakiev,D (2236)-Lerchl,C (1843)
Willingen 2022}) 10... a6 (10... Nge7
$5 ) 11. c4 ({White should play} 11. Nxc6 $14
Qxc6 12. Na7+ Bxa7 13. Qxc6+ bxc6 14. Bxa7) 11... Qd7 12. Nxf5 (12. Rd1 $1 $11 {and White has nothing to
worry.}) 12... axb5 $19 (12... exf5 $2 13. Rd1 Qe6 14. Be2 (
14. Rxd8+ $2 Nxd8 15. Kd2 Bxe3+ 16. fxe3 axb5 $19) 14... Bxe3 15. fxe3 $19) 13.
Qc2 ({Much worse is} 13. Qa8+ Kc7 14. Qxd8+ Nxd8 $19) 13...
Bxe3 (13... exf5 14. Bxc5 Nd4 15. Bxd4 Qxd4 16. Be2 $16) (
13... Bb4+ $19 14. Ke2 exf5 15. cxb5 f4 16. bxc6 Qg4+ 17. f3 Qe6) 14. Nxe3 $15 Nd4 (14... b4 $1 $15) 15. Qc3 $11 Nf6 {[%emt 0:01:51][%cal Yb5b4] Strongly threatening ...b4!} 16. f3 Kb8 $36 {[%emt 0:01:30] Black is pushing.} 17. Rd1 {[%emt 0:07:
35] [#]} (17. cxb5 $11 Nxb5 18. Bxb5 Qxb5 19. a4 (19. Rc1 Rc8 $17)) 17... b4 $1
$17 18. Qd2 Qc7 {[%emt 0:00:56] 0x0.
00208f16c91cdp-1022s more active pieces.} (18... Qd6 $17 {...Nh5 is the strong
threat.} 19. Bd3 Nh5) 19. Qxb4 $2 {[%emt 0:00:53] [#]} ({White must play} 19.
Bd3 $1 $15) 19... Qe5 (19... Qf4 $1 $19 {[%cal Rf4e3] and
Black stays clearly on top.} 20. Qc3 Qh4+ 21. g3 Nxf3+ 22. Kf2 Ne4+ 23. Kxf3
Nxc3 24. gxh4 Nxd1) 20. Kf2 {[%emt 0:06:17] [#]} (20. Qc3 $17) 20... Qxe3+ $3 {
[%emt 0:00:21] Remove Defender, Decoy} 21. Kxe3 Nc2+ {[%emt 0:
00:05] Discovered Attack, Double Attack. Pair of Knights!} 22. Kf2 Nxb4 23. Be2 Rxd1 24.
Rxd1 Nxa2 25. g4 h6 26. h4 Kc7 27. f4 Nb4 28. Bf3 Rd8 29.
Rxd8 Kxd8 30. g5 Nd7 31. gxh6 gxh6 32. Ke3 b6 33. b3 Nc5 34. Bd1 Ke7 35. Kd4 Nbd3 36. f5 e5+ 37. Kd5 e4 {[%emt 0:00:35] Hoping for ...Kf6.} 38. Kc6 e3 39. Kxb6 {[%emt 0:00:13] [#]} Nxb3 $1 40. c5 (40. f6+ Kxf6) 40... Nbxc5 41. Kb5 Nf2 (41... Ne4 $142 42. Be2 Ne5
43. Kb4 Ng3 44. Bd1 e2 45. Bxe2 Nxe2 46. Kb3 Nd4+ 47. Kb2 Nxf5 48. Kc3 Nxh4 49.
Kd2 Ng4 50. Ke2 f5 51. Kd2 f4 52. Ke1 f3 53. Kd1 Nf5 54. Ke1 f2+ 55. Kd1 f1=Q+
56. Kc2 Nge3+ 57. Kc3 Qc4+ 58. Kb2 Nd1+ 59. Kb1 Qc3 60. Ka2 Qb2#) 42. Be2 Nce4 {[%emt 0:00:37] ( -> ...Nc3+)} 43. Kc4 {[%emt 0:00:19]
Inhibits Nc3.} Ng3 44. Kd4 Nxf5+ 45. Ke5 Ng3 46. Kf4 Nxe2+ 47. Kxe3 Kf6 48. Kxf2 Nf4 {[%emt 0:00:39] Weighted Error Value:
White=0.81/Black=0.33} 0-1

[Event "44th Chess Olympiad Open 2022"]
[Site "Chennai"]
[Date "2022.08.01"]
[Round "4.56"]
[White "Ayyad, Husain"]
[Black "Toczek, Grzegorz"]
[Result "1-0"]
[WhiteElo "2209"]
[BlackElo "2287"]
[Annotator "NA RC"]
[PlyCount "67"]
[EventDate "2022.??.??"]
[TimeControl "60"]

1. e4 e5 2. Nf3 Nc6 3. d4 exd4 4. Bc4 Bc5 5. O-O d6 6. c3 Bg4 7. Qb3 Bxf3 8. Bxf7+ Kf8 9. gxf3 Nf6 10. Be6 Bb6 11. Bh3 Qe8 12. Bf4 g5 13. Bc1 Rg8 14. Bf5 Qh5 15. Nd2 Re8 16. Qd1 Ne5 17. cxd4 Bxd4 18. Kh1 g4 19. f4 Nf3 20. Nxf3 gxf3 21. Qxd4 Ng4 22. Bxg4 Rxg4 23. Qf6+ Kg8 24. Qf5 Qxf5 25. exf5 Re2 26. Be3 Rxb2 27. Rfb1 Rxb1+ 28. Rxb1 b6 29. h3 Rh4 30. Kh2 Rh5 31. Rg1+ Kf7 32. Rg5 Rh6 33. Bd4 c5 34. Bg7 1-0

[Event "44th Chess Olympiad Open 2022"]
[Site "Chennai"]
[Date "2022.08.01"]
[Round "4.56"]
[White "Kett, Tim"]
[Black "Al-Burshaid, Ebrahim"]
[Result "1-0"]
[WhiteElo "2197"]
[BlackElo "1702"]
[Annotator "NA RC"]
[PlyCount "71"]
[EventDate "2022.??.??"]
[TimeControl "60"]

1. e4 e5 2. f4 d5 3. exd5 exf4 4. Nf3 Nf6 5. Bc4 Bd6 6. Qe2+ Qe7 7. Qxe7+ Kxe7 8. Nc3 a6 9. O-O Re8 10. d4 Nbd7 11. Bd2 b5 12. Rae1+ Kf8 13. Rxe8+ Kxe8 14. Bb3 Bb7 15. Ne5 Nxe5 16. dxe5 Bc5+ 17. Kh1 Ng4 18. Ne4 Be3 19. Bxe3 fxe3 20. Nc5 Nf2+ 21. Kg1 Bc8 22. Re1 Bf5 23. Rxe3 Nd1 24. Re1 Nxb2 25. d6 Nc4 26. dxc7 a5 27. a4 Nb6 28. axb5 a4 29. Ba2 Bxc2 30. Rc1 Bf5 31. Rd1 a3 32. Rd6 Nc8 33.
b6 Nxd6 34. exd6 Bc8 35. d7+ Bxd7 36. b7 1-0

[Event "44th Chess Olympiad Open 2022"]
[Site "Chennai"]
[Date "2022.08.01"]
[Round "4.56"]
[White "Pleasants, Allan J"]
[Black "BuKhalaf, Hussain"]
[Result "1-0"]
[WhiteElo "2024"]
[BlackElo "1813"]
[Annotator "NA RC"]
[PlyCount "61"]
[EventDate "2022.??.??"]
[TimeControl "60"]

1. Nf3 Nf6 2. g3 g6 3. Bg2 Bg7 4. O-O O-O 5. d4 c6 6. c4 d5 7. b3 Ne4 8. Bb2 Bf5 9. Nbd2 Nd7 10. Nh4 Bh6 11. Nxe4 dxe4 12. Nxf5 gxf5 13. Qc2 e6 14. Rad1 Nb6 15. f3 e3 16. f4 Bg7 17. Rf3 Qf6 18. Rxe3 Rfd8 19. Red3 Rac8 20. Bc3 Qe7 21. Be1 c5 22. dxc5 Rxd3 23. Qxd3 Qxc5+ 24. Bf2 Qc7 25. Qf3 Qc6 26. a4 Bf6 27. a5 Na8 28. Qe3 Qa6 29. Qxa7 Qxa7 30. Bxa7 Rc7 31. Be3 1-0

[Event "44th Chess Olympiad Open 2022"]
[Site "Chennai"]
[Date "2022.08.01"]
[Round "4.56"]
[White "Shaker, Musab"]
[Black "Bullen, Alex"]
[Result "0-1"]
[WhiteElo "1705"]
[BlackElo "2106"]
[Annotator "NA RC"]
[PlyCount "134"]
[EventDate "2022.??.??"]
[TimeControl "60"]

1. d4 d5 2. Nf3 Nf6 3. Bf4 c5 4. e3 Nc6 5. c3 Qb6 6. Qb3 c4 7. Qc2 Bf5 8. Qc1 Nh5 9. Nh4 Bg6 10. Be2 Nxf4 11. exf4 e6 12. Nd2 Qc7 13. Ndf3 Be7 14. O-O Be4 15. b3 cxb3 16. axb3 h6 17. g3 O-O 18. Qe3 Rfc8 19. Rfc1 Qb6 20. Bd3 Bxd3 21. Qxd3 Bf6 22. Ng2 Rc7 23. f5 exf5 24. Ne3 Ne7 25. Nxf5 Nxf5 26. Qxf5 Qxb3 27. Rab1 Qc4 28. Ne1 Qc6 29. Ng2 Qd7 30. Qf3 Rd8 31. Nf4 Bg5 32. h4 Bxf4 33. Qxf4 Rdc8 34. Qf3 b5 35. Rb3 Rc4 36. Rcb1 a6 37. Ra1 Qc6 38. Raa3 Ra8 39. Rb4 a5 40. Rxc4 Qxc4 41. Kg2 a4 42. h5 Re8 43. Ra1 Qb3 44. Qd3 a3 45. Rb1 Qc4 46. Qxc4 bxc4 47. Ra1 Ra8 48. Kf3 Kf8 49. Kf4 Ke7 50. Ke5 Ra5 51. Ra2 f6+ 52. Kf5 Kd6 53. g4 Ra6 54. f3 Ra7 55. f4 Ke7 56. Re2+ Kf7 57. Ra2 Ra6 58.
g5 hxg5 59. fxg5 fxg5 60. Kxg5 Ke6 61. Kg6 Ra7 62. Kg5 Kd7 63. Kf4 Kc6 64. Kf5 Kb5 65. Ke6 Ka4 66. Kxd5 Kb3 67. Ra1 a2 0-1